 Dungeon Crawl Stone Soup version 0.27.1-2-g3b301248ec (webtiles) character file.

Game seed: 1014024030015996815

637 babuloseo the Slasher (level 7, -1/76 HPs)
             Began as a Human Gladiator on Sept 26, 2021.
             Was a Follower of Okawaru.
             Slain by a water moccasin (7 damage)
             ... on level 5 of the Dungeon.
             The game lasted 00:05:29 (5038 turns).

babuloseo the Slasher (Human Gladiator)             Turns: 5038, Time: 00:05:31

Health: -1/76      AC: 23    Str: 16 (17) XL:     7   Next: 80%
Magic:  7/7        EV:  2    Int:  6 (8)  God:    Okawaru [*.....]
Gold:   240        SH:  0    Dex: 13 (14) Spells: 6/6 levels left

rFire    . . .     SeeInvis +   a - +0 long sword
rCold    . . .     Faith    .   (no shield)
rNeg     + + +     Spirit   .   (armour currently unavailable)
rPois    +         Reflect  .   (helmet currently unavailable)
rElec    .         Harm     .   (cloak currently unavailable)
rCorr    .         Rampage  .   (gloves currently unavailable)
Will     +....     NoTele   +   (boots currently unavailable)
Stlth    +.........             (no amulet)
HPRegen  0.22/turn              i - ring of willpower
MPRegen  0.10/turn              o - ring of see invisible

@: mighty, tree-form, studying Dodging
A: stationary, stasis, torment immunity, boosted hp
a: Renounce Religion, Heroism


You were on level 5 of the Dungeon.
You worshipped Okawaru.
Okawaru was aware of your devotion.
You were a tree.
You visited 1 branch of the dungeon, and saw 5 of its levels.

You collected 240 gold pieces.

Inventory:

Hand Weapons
 a - a +0 long sword (weapon)
 n - a +0 dagger of draining
Missiles
 d - 3 throwing nets (quivered)
Armour
 b - a +0 leather armour
 c - a +0 helmet (melded)
 k - a +3 chain mail (melded)
 l - a +0 pair of gloves (melded)
Jewellery
 i - a ring of willpower (left branch)
 j - a +6 ring of intelligence
 o - a ring of see invisible (right branch)
 q - a ring of wizardry
 v - a ring of flight
Potions
 f - 2 potions of ambrosia
 g - 3 potions of brilliance
 h - a potion of haste {unknown}
 m - 5 potions of curing


   Skills:
 + Level 2.9 Fighting
 * Level 7.1 Long Blades
 + Level 2.3 Throwing
 + Level 2.9 Armour
 + Level 3.7 Dodging


You had 6 spell levels left.
You didn't know any spells.
Your spell library contained the following spells:

 Spells                   Type           Power      Damage    Failure   Level
 Slow                     Hex            0%         N/A       58%         2
 Confusing Touch          Hex            0%         N/A       83%         3
 Vampiric Draining        Necr           0%         2d6       83%         3


Dungeon Overview and Level Annotations

Branches:
Dungeon (5/15)
 Temple: D:4-7

Altars:
Okawaru

Shops:
D:3 =

Annotations:
D:5 Eustachio


Message History

Unknown command.
You miss the water moccasin.
The water moccasin is lightly wounded.
The bat hits you but does no damage.
The centaur hits you but does no damage.
The centaur kicks you but does no damage.
The water moccasin bites you but does no damage.
The centaur hits you but does no damage.
The centaur kicks you but does no damage.
The bat hits you but does no damage. The water moccasin barely misses you.
You closely miss the water moccasin.
The water moccasin is lightly wounded.
The bat hits you but does no damage.
The centaur hits you but does no damage.
The centaur kicks you but does no damage.
Eustachio gestures wildly while chanting.
The water moccasin bites you but does no damage.
You hit the water moccasin but do no damage.
The water moccasin is lightly wounded.
The bat hits you but does no damage. The centaur completely misses you.
The centaur kicks you but does no damage.
The water moccasin bites you but does no damage.
The iron imp shouts, "Slither home, thou infectious roguish vulture!"
The centaur barely misses you.
The centaur kicks you but does no damage.
The water moccasin bites you.
* * * LOW HITPOINT WARNING * * *
It was a potion of flight.
Your roots keep you in place.
The bat completely misses you.
The centaur hits you but does no damage.
The centaur kicks you but does no damage.
Eustachio calls on the powers of shadow!
The water moccasin bites you but does no damage.
It was a potion of might.
You feel very mighty all of a sudden. The bat hits you but does no damage. x2
The centaur hits you but does no damage.
The centaur kicks you but does no damage.
The water moccasin bites you!
You die...

. .###
...#####
#......##
#5b.....#
#br5.....
##Sb5@....
#§♣c# #.§§#
##..## ..#
#...# ...#
##..##
#...####...#
#........##
#........##
#.........#...


You could see Eustachio, a water moccasin, a centaur, 2 iron imps, a river rat
(summoned), a white imp (summoned) and 3 bats.

Vanquished Creatures
  2 necrophages (D:4)
  A black bear (D:4)
  A phantom (D:4)
  A bullfrog (D:5)
  A hound (D:4)
  An orc priest (D:4)
  An iguana (D:4)
  A hound skeleton (D:4)
  3 adders
  4 dart slugs
  5 orcs
  9 endoplasms
  4 giant cockroaches
  9 goblins
  15 hobgoblins
  4 jackals (D:3)
  9 kobolds
  5 quokkas
  5 ball pythons
  7 bats
  5 frilled lizards
  7 rats
100 creatures vanquished.

Notes
Turn   | Place    | Note
-------+----------+-------------------------------------------
     0 | D:1      | babuloseo the Human Gladiator began the quest for the Orb.
     0 | D:1      | Reached XP level 1. HP: 16/16 MP: 1/1
   270 | D:1      | Reached XP level 2. HP: 22/22 MP: 2/2
   369 | D:1      | Found a faded altar of an unknown god.
   689 | D:1      | Reached XP level 3. HP: 27/27 MP: 3/3
  1585 | D:2      | Reached XP level 4. HP: 33/33 MP: 4/4
  1731 | D:2      | Reached skill level 4 in Long Blades
  1738 | D:2      | Reached skill level 1 in Armour
  2154 | D:3      | Found Kaebarch's Jewellery Emporium.
  2167 | D:3      | Found an iron altar of Okawaru.
  2180 | D:3      | Became a worshipper of Warmaster Okawaru
  2619 | D:3      | Reached XP level 5. HP: 35/38 MP: 5/5
  3466 | D:4      | Noticed a necrophage
  3477 | D:4      | Killed a necrophage
  3478 | D:4      | Reached skill level 5 in Long Blades
  3478 | D:4      | Reached XP level 6. HP: 32/46 MP: 6/6
  3574 | D:4      | Noticed a black bear
  3583 | D:4      | Killed a black bear
  3584 | D:4      | Reached skill level 6 in Long Blades
  3709 | D:4      | Reached XP level 7. HP: 34/51 MP: 7/7
  3924 | D:4      | Reached * piety under Okawaru
  4989 | D:5      | Entered Level 5 of the Dungeon
  5002 | D:5      | Noticed a water moccasin
  5005 | D:5      | Noticed Eustachio
  5021 | D:5      | Reached skill level 7 in Long Blades
  5038 | D:5      | Slain by a water moccasin

Illustrated notes

Levels and vault maps discovered:
D:1:      shiori_shiawase, layout_loops_corners, shapermc_ecumenical_altar_venn
D:2:      layout_loops_cross, serial_park_tiny_1, glass_columns_b
D:3:      layout_loops_ring, overflow_temple_1_default, serial_shops, shop,
          minmay_misc_feat_x, chequers_serial_rivers_micro_b, minmay_hedge_maze
D:4:      layout_cave_pods, portal_sewer_entry_d, minmay_puff
D:5:      layout_layer_cave, minmay_temple_entry_gardened_gates, serial_glass,
          glass_columns_a, glass_columns_c, uniq_eustachio

Skill      XL: |  1  2  3  4  5  6  7 |
---------------+----------------------+-----
Long Blades    | 4 5 6 7 |  7.1
Armour         | 1 2 |  2.9
Fighting       | |  2.9
Throwing       | |  2.3
Dodging        | |  3.7

Action                   |  1- 3 |  4- 6 |  7- 9 || total
-------------------------+-------+-------+-------++-------
Melee: Long sword        |    79 |   188 |    94 ||   361
Throw: Throwing net      |       |     1 |       ||     1
Invok: Heroism           |       |       |     1 ||     1
  Use: Scroll            |       |     3 |     2 ||     5
       Potion            |       |       |     7 ||     7
Armor: Leather armour    |    18 |       |       ||    18
       Chain mail        |    15 |   138 |    83 ||   236
       Skin              |       |       |   120 ||   120
Dodge: Dodged            |    50 |    81 |    62 ||   193
       Rpst.: Long sword |    18 |    30 |    20 ||    68
